 Dungeon Crawl Stone Soup version 0.31.0-32-g396128a36d (webtiles) character file.

Game seed: 188377351445739400

189286 bearlyready the Executioner (level 18, -14/168 HPs)
             Began as a Hill Orc Berserker on Mar 23, 2024.
             Was the Champion of Trog.
             Shot with an arrow by a naga sharpshooter (19 damage)
             ... on level 4 of the Snake Pit on Mar 24, 2024.
             The game lasted 00:59:20 (36445 turns).

bearlyready the Executioner (Hill Orc Berserker)   Turns: 36445, Time: 00:59:21

Health: -14/168    AC: 26    Str: 28    XL:     18   Next: 12%
Magic:  3/6        EV: 16    Int:  7    God:    Trog [******]
Gold:   140        SH:  0    Dex: 10    Spells: 17/17 levels left

rFire   + . .        i - +9 executioner's axe (antimagic)
rCold   . . .        (shield currently unavailable)
rNeg    . . .        O - +2 plate armour {rPois}
rPois   +            P - +2 hat
rElec   .            r - +1 cloak {rF+}
rCorr   .            n - +0 pair of gloves
SInv    .            d - +0 pair of boots
Will    +....        F - amulet of faith Stlth
                     s - +5 ring of evasion
HPRegen 0.48/turn    R - +4 ring of slaying
MPRegen 0.10/turn

%: faith
@: on berserk cooldown
A: no striking features
}: 1/15 runes: barnacled
a: Renounce Religion, Berserk, Trog's Hand, Brothers in Arms


You were on level 4 of the Snake Pit.
You worshipped Trog.
Trog was exalted by your worship.
You visited 5 branches of the dungeon, and saw 28 of its levels.
You visited 1 bazaar.
You also visited: Sewer and Volcano.

You collected 3488 gold pieces.
You spent 3348 gold pieces at shops.

Inventory:

Hand Weapons
 i - a +9 antimagic executioner's axe (weapon)
 T - a +2 executioner's axe of freezing
 W - the +6 battleaxe of the Final Decision {antimagic, rF+ Will+ rCorr Stlth+}
   (Trog gifted it to you on level 4 of the Snake Pit)

   rF+:       It protects you from fire.
   Will+:     It increases your willpower.
   rCorr:     It protects you from acid and corrosion.
   Stlth+:    It makes you more stealthy.
Missiles
 j - 48 poisoned darts
 k - 4 silver javelins
 z - 2 javelins
 G - 38 boomerangs (quivered)
 S - 3 curare-tipped darts
Armour
 d - a +0 pair of boots (worn)
 n - a +0 pair of gloves (worn)
 r - a +1 cloak of fire resistance (worn)
 O - a +2 plate armour of poison resistance (worn)
 P - a +2 hat (worn)
Jewellery
 o - a ring of poison resistance
 s - a +5 ring of evasion (left hand)
 F - an amulet of faith (around neck)
 Q - a ring of protection from cold
 R - a +4 ring of slaying (right hand)
Wands
 B - a wand of quicksilver (7)
 D - a wand of polymorph (24)
 E - a wand of mindburst (16)
 N - a wand of flame (10)
 U - a wand of charming (14)
Scrolls
 c - 6 scrolls of poison
 g - 2 scrolls of silence
 l - 13 scrolls of teleportation
 m - a scroll of butterflies
 p - 4 scrolls of fog
 x - 6 scrolls of enchant armour
 y - a scroll of blinking
 C - 3 scrolls of revelation
 L - 4 scrolls of noise
 V - a scroll of torment
 X - a scroll of identify
Potions
 b - 5 potions of attraction
 e - 8 potions of curing
 f - 4 potions of berserk rage
 h - 6 potions of degeneration
 q - 2 potions of cancellation
 t - 6 potions of might
 u - 14 potions of haste
 v - 5 potions of mutation
 A - 3 potions of resistance
 H - 6 potions of brilliance
 I - 4 potions of magic
 J - 4 potions of lignification
 K - 4 potions of heal wounds
 M - 8 potions of enlightenment
 Z - a potion of invisibility {unknown}
Miscellaneous
 w - a condenser vane (inert)


   Skills:
 + Level 16.9 Fighting
 + Level 26.2 Axes
 - Level 6.0 Throwing
 - Level 14.0 Armour
 - Level 9.1 Dodging
 - Level 11.1 Evocations


You had 17 spell levels left.
You didn't know any spells.
Your spell library was empty.

Dungeon Overview and Level Annotations

Branches:
Dungeon (13/15)            Temple (0/1) D:5            Lair (5/5) D:10
 Shoals (4/4) Lair:2        Snake (4/4) Lair:3        Slime (0/5) Lair:5
    Orc (2/2) D:9             Elf (0/3) Orc:2         Sewer (visited)
Volcano (visited)
 Vaults: D:13-14

Altars:
Fedhas
Gozag
Beogh
Jiyva

Shops:
D:8 ((?=(   D:9 (   D:12 =!   Orc:2 ?=[(   Snake:1 (==!   Snake:2 :?!**
Snake:3 *!

Portals:
Trove: D:10 (give +5 demon whip)

Annotations:
Lair:2 3 runed translucent doors, Tovical's ghost, journeyman GrFi; spaghetti's ghost, journeyman NaBe
Lair:5 1 runed translucent door
Shoals:3 2 transporters, Cauthr Ravany's ghost, adept GrEE
Orc:2 2 transporters, Burzz's ghost, journeyman MiFi


Message History

The quicksilver dragon bites you!
* * * LOW HITPOINT WARNING * * *
The quicksilver dragon completely misses you.
The naga sharpshooter shoots an arrow.
The arrow hits you!
* * * LOW HITPOINT WARNING * * *
The quicksilver dragon misses you. The quicksilver dragon claws you.
* * * LOW HITPOINT WARNING * * *
As you read the scroll of teleportation, it crumbles to dust.
You feel strangely unstable.
The quicksilver dragon breathes dispelling energy at you.
The bolt of dispelling energy hits you!!
You feel strangely stable.
* * * LOW HITPOINT WARNING * * *
The naga sharpshooter gestures wildly while chanting.
The naga sharpshooter magically shoots an arrow.
The arrow hits you!
* * * LOW HITPOINT WARNING * * *
Welcome back, bearlyready the Hill Orc Berserker.
Trog says: Kill them all!
Press ? for a list of commands and other information.
As you read the scroll of fear, it crumbles to dust.
You assume a fearsome visage.
The naga sharpshooter easily resists.
The naga sharpshooter resists with almost no effort.
The quicksilver dragon resists with almost no effort.
The naga resists with some effort.
The naga looks frightened!
The quicksilver dragon misses you.
The quicksilver dragon barely misses you.
The naga sharpshooter casts a spell.
The naga sharpshooter magically shoots an arrow.
The arrow closely misses you.
The naga sharpshooter shoots an arrow.
The arrow barely misses you.
The quicksilver dragon bites you but does no damage.
The quicksilver dragon claws you but does no damage.
Blink to where?
Press: ? - help, Dir - move target
As you read the scroll of blinking, it crumbles to dust.
The naga sharpshooter casts a spell.
The naga sharpshooter magically shoots an arrow.
The arrow hits you!!
You die...

###### #..#..## #####
......## #.##. .......###
##.#..
#####[....####.####.....
##.8.##††.....##.........
#.....#†@#.....######....
#8§⌠.)N[#####..######.#..
#..D..#..#####.##........
##...##..#..#...##.......
##N##...........#.......
##NNN...##.......#.......
NN.....######..)##.......
#.N###### ##8)####.#...
N8.# ##.....##8#..#


You could see a quicksilver dragon, 2 naga sharpshooters and 2 nagas.

Vanquished Creatures
  A kraken (Shoals:3)
  The ghost of Seits the Bludgeoner, an adept MiFi of the Shining One (Snake:3)
  Aizul (Snake:3)
  3 nagarajas (Snake:4)
  Donald (Orc:2)
  2 orc warlords
  2 merfolk javelineers
  5 merfolk impalers
  5 hydras
  6 anacondas
  4 catoblepae
  3 merfolk avatars
  3 boulder beetles
  4 merfolk aquamancers
  3 alligator snapping turtles
  An ogre mage (D:13)
  A two-headed ogre (Orc:1)
  A satyr (Shoals:4)
  16 naga warriors
  12 death yaks
  8 naga sharpshooters
  A deep elf knight (D:13)
  5 shock serpents
  The ghost of Dungobob the Cleaver, a novice MiFi of Okawaru (D:6)
  8 skysharks
  3 skeletal warriors (Volcano)
  7 mana vipers
  14 sea snakes
  A naga ritualist (Snake:4)
  An orange crystal statue (Shoals:2)
  2 anaconda skeletons (Volcano)
  A lindwurm (Lair:2)
  4 orc knights
  9 harpies
  13 fauns
  2 deep elf pyromancers
  2 orc sorcerers
  7 salamanders
  2 oklob plants (Lair:3)
  An alligator skeleton (Volcano)
  2 ugly things (D:9)
  Maurice (D:8)
  20 manticores
  2 cyclopes
  5 water nymphs
  7 elephants
  28 black mambas
  6 kobold blastminers
  7 merfolk sirens
  5 guardian serpents
  11 naga magi
  An ice statue (Shoals:1)
  5 gargoyles
  Maggie (D:7)
  9 cane toads
  10 komodo dragons
  2 tengu conjurers
  2 centaur skeletons (D:13)
  7 rime drakes
  2 polar bears (Lair:5)
  4 trolls
  5 wind drakes
  A harpy skeleton (Volcano)
  2 hornets (D:8)
  17 merfolk
  16 blink frogs
  5 dream sheep
  11 snapping turtles
  3 shadows
  11 water elementals
  4 basilisks
  2 wraiths (D:9)
  64 yaks
  A spriggan (Lair:4)
  5 wyverns
  4 steam dragons
  6 vampire mosquitoes
  6 wargs
  Menkaure (D:7)
  32 nagas
  10 water moccasins
  2 hell hounds (Orc:1)
  An acid dragon (D:11)
  A sky beast (D:8)
  44 orc warriors
  4 black bears
  3 ice beasts
  3 wolves (Lair:4)
  2 laughing skulls (Volcano)
  12 ogres
  12 centaurs
  4 kobold brigands
  A weeping skull (Volcano)
  16 bullfrogs
  2 gnoll sergeants
  2 scorpions (D:5)
  8 wights
  A killer bee (D:9)
  2 spriggan skeletons (Volcano)
  4 electric eels
  7 howler monkeys
  2 jellies
  4 gnoll boudas
  A bombardier beetle (D:5)
  18 orc priests
  5 hounds
  3 iguanas
  3 sleepcaps
  Ijyb (D:4)
  7 hell rats (Lair:5)
  22 orc wizards
  23 gnolls
  10 adders
  2 river rats (Sewer)
  A white imp (D:8)
  2 ufetubi (D:5)
  4 ribbon worms
  6 dart slugs
  76 orcs
  10 endoplasms
  5 giant cockroaches
  8 goblins
  14 hobgoblins
  6 quokkas
  7 ball pythons
  8 bats
  5 frilled lizards
  19 kobolds
  26 rats
  4 tentacles (Shoals:3)
943 creatures vanquished.

Vanquished Creatures (collateral kills)
  A merfolk javelineer (Shoals:4)
  A manticore (Shoals:4)
  A troll (D:9)
  A merfolk (Shoals:4)
  A wind drake (Shoals:1)
  A yak (D:9)
  A wyvern (D:9)
  An orc warrior (D:9)
  An orc wizard (D:9)
9 creatures vanquished.

Vanquished Creatures (others)
  A merfolk siren (Shoals:4)
  2 merfolk
  A water moccasin (Lair:2)
  A gnoll (D:8)
  A tentacle (Shoals:3)
6 creatures vanquished.

Grand Total: 958 creatures vanquished

Notes
Turn   | Place    | Note
-------+----------+-------------------------------------------
     0 | D:1      | bearlyready the Hill Orc Berserker began the quest for the
                  | Orb.
     0 | D:1      | Reached XP level 1. HP: 19/19 MP: 1/1
   236 | D:1      | Reached XP level 2. HP: 25/26 MP: 2/2
   427 | D:1      | Reached skill level 5 in Axes
   616 | D:1      | Reached ** piety under Trog
   617 | D:1      | Reached XP level 3. HP: 31/31 MP: 3/3
   986 | D:2      | Reached skill level 6 in Axes
  1117 | D:2      | Reached XP level 4. HP: 34/39 MP: 4/4
  1627 | D:3      | Reached skill level 7 in Axes
  1921 | D:3      | Reached XP level 5. HP: 35/45 MP: 5/5
  2010 | D:3      | Reached *** piety under Trog
  2019 | D:3      | Reached skill level 8 in Axes
  2266 | D:3      | Found a faded altar of an unknown god.
  2528 | D:4      | Reached XP level 6. HP: 51/51 MP: 6/6
  2646 | D:4      | Reached skill level 9 in Axes
  2698 | D:4      | Found a glowing drain.
  2728 | Sewer    | Entered a sewer
  3003 | Sewer    | Reached **** piety under Trog
  3072 | Sewer    | Reached skill level 10 in Axes
  3072 | Sewer    | Reached XP level 7. HP: 33/57 MP: 7/7
  3529 | D:4      | Noticed Ijyb
  3535 | D:4      | Killed Ijyb
  4098 | D:5      | Entered Level 5 of the Dungeon
  4200 | D:5      | Reached skill level 11 in Axes
  4211 | D:5      | Reached skill level 1 in Evocations
  4289 | D:5      | Found a staircase to the Ecumenical Temple.
  4303 | D:5      | Reached skill level 1 in Throwing
  4314 | D:5      | Reached XP level 8. HP: 61/67 MP: 8/8
  4941 | D:6      | Reached skill level 5 in Fighting
  5142 | D:6      | Found a runed translucent gate.
  5177 | D:6      | Found a runed translucent gate.
  5179 | D:6      | Found a runed translucent gate.
  5180 | D:6      | Noticed Dungobob's ghost (novice MiFi)
  5478 | D:6      | Found a roughly hewn altar of Beogh.
  5611 | D:7      | Reached XP level 9. HP: 60/75 MP: 9/9
  5612 | D:7      | Reached skill level 12 in Axes
  5632 | D:7      | Noticed Menkaure
  5638 | D:7      | Killed Menkaure
  5657 | D:7      | Noticed Maggie
  5710 | D:7      | Killed Maggie
  5918 | D:7      | Reached ***** piety under Trog
  6164 | D:7      | Reached skill level 5 in Evocations
  6492 | D:8      | Noticed a hornet
  6502 | D:8      | Killed a hornet
  6644 | D:8      | Noticed Maurice
  6819 | D:8      | Reached skill level 5 in Throwing
  6823 | D:8      | Reached skill level 13 in Axes
  6823 | D:8      | Killed Maurice
  6824 | D:8      | Reached XP level 10. HP: 83/88 MP: 10/10
  6950 | D:8      | Found Etwitip's Antique Weapon Shoppe.
  6950 | D:8      | Found Pioshr Cucy's Jewellery Emporium.
  7149 | D:8      | Found Quklour's Magic Scroll Boutique.
  7461 | D:9      | Received a gift from Trog
  7578 | D:9      | Found a staircase to the Orcish Mines.
  7732 | D:9      | Noticed a red ugly thing
  7741 | D:9      | Killed a red ugly thing
  7742 | D:9      | Reached skill level 14 in Axes
  7771 | D:9      | Noticed a red ugly thing
  7773 | D:9      | Noticed a manticore
  7782 | D:9      | Killed a red ugly thing
  7790 | D:9      | Killed a manticore
  7791 | D:9      | Reached skill level 10 in Fighting
  7807 | D:9      | Identified the +2 robe "Wemanwats" {Will++}
  7817 | D:9      | Reached XP level 11. HP: 45/101 MP: 11/11
  7819 | D:9      | Reached skill level 15 in Axes
  8202 | D:9      | Identified the +11 whip "Tenab" {flame, rF+ rC+ Str-3
                  | Int+3}
  8321 | D:9      | Found Wixkeblo's Antique Weapon Shoppe.
  8499 | D:9      | Identified the +4 ring mail of Vig Ylon {rElec Stlth+}
  8748 | D:8      | Paralysed by a hornet for 3 turns
  8754 | D:8      | Paralysed by a hornet for 3 turns
  8759 | D:8      | Reached skill level 16 in Axes
  8984 | D:8      | Noticed a deep elf pyromancer
  8991 | D:8      | Killed a deep elf pyromancer
  9012 | D:8      | Noticed a boulder beetle
  9023 | D:8      | Killed a boulder beetle
  9024 | D:8      | Reached skill level 17 in Axes
  9562 | D:8      | Found Qaussea's Antique Weapon Shop.
  9564 | D:8      | Bought a scroll of fear for 52 gold pieces
  9564 | D:8      | Bought a scroll of enchant armour for 97 gold pieces
  9564 | D:8      | Bought a scroll of teleportation for 39 gold pieces
  9564 | D:8      | Bought a scroll of enchant weapon for 97 gold pieces
  9564 | D:8      | Bought a scroll of identify for 26 gold pieces
  9575 | D:8      | Found Goschyif's Antique Weapon Boutique.
  9905 | Orc:1    | Entered Level 1 of the Orcish Mines
  9916 | Orc:1    | Noticed a two-headed ogre
  9925 | Orc:1    | Killed a two-headed ogre
  9926 | Orc:1    | Reached skill level 18 in Axes
 10202 | Orc:1    | Noticed an orc warlord
 10224 | Orc:1    | Killed an orc warlord
 10225 | Orc:1    | Reached XP level 12. HP: 41/110 MP: 12/12
 10231 | Orc:1    | Reached skill level 19 in Axes
 10233 | Orc:1    | HP: 8/165 [warg[an orc warlord] (3)]
 10347 | Orc:1    | Found a dark tunnel.
 10354 | Volcano  | Entered a volcano
 10533 | Volcano  | Reached skill level 20 in Axes
 11473 | D:10     | Entered Level 10 of the Dungeon
 11473 | D:10     | Found a portal to a secret trove of treasure.
 11748 | D:10     | Found a staircase to the Lair.
 11962 | D:10     | You fall into a shaft and drop 1 floor!
 12019 | D:11     | Identified a scroll of acquirement
 12302 | D:11     | Reached skill level 5 in Armour
 12752 | D:11     | Noticed a boulder beetle
 12763 | D:11     | Killed a boulder beetle
 13400 | D:6      | Reached XP level 13. HP: 116/116 MP: 13/13
 13406 | D:6      | Received a gift from Trog
 13430 | D:6      | Killed Dungobob's ghost
 13612 | D:6      | Identified the -2 cloak of Peek-a-Boo {rF+ rN+ MP-9 Str+2}
 13873 | D:12     | Reached skill level 21 in Axes
 14002 | D:12     | Found Heiradi's Distillery.
 14005 | D:12     | Bought a potion of curing for 30 gold pieces
 14005 | D:12     | Bought 2 potions of haste for 200 gold pieces
 14005 | D:12     | Bought a potion of heal wounds for 50 gold pieces
 14005 | D:12     | Bought a potion of curing for 30 gold pieces
 14005 | D:12     | Bought a potion of degeneration for 10 gold pieces
 14028 | D:12     | Found Goargh's Jewellery Boutique.
 14365 | Lair:1   | Entered Level 1 of the Lair of Beasts
 14396 | Lair:1   | Reached skill level 5 in Dodging
 15010 | Lair:1   | Acquired 789 gold pieces
 15644 | Lair:2   | Found a staircase to the Shoals.
 16058 | Lair:2   | Found a runed translucent gate.
 16059 | Lair:2   | Found a runed translucent gate.
 16060 | Lair:2   | Found a runed translucent gate.
 16449 | Lair:2   | Noticed Tovical's ghost (journeyman GrFi)
 16449 | Lair:2   | Noticed spaghetti's ghost (journeyman NaBe)
 16722 | Lair:3   | Reached XP level 14. HP: 126/126 MP: 14/14
 16818 | Lair:3   | Found a blossoming altar of Fedhas.
 17018 | Lair:3   | Received a gift from Trog
 17150 | Lair:3   | Found a staircase to the Snake Pit.
 18320 | Lair:4   | Reached skill level 22 in Axes
 19122 | Lair:5   | Entered Level 5 of the Lair of Beasts
 19302 | Lair:5   | Noticed an azure jelly
 19302 | Lair:5   | Noticed an azure jelly
 19302 | Lair:5   | Noticed an azure jelly
 19302 | Lair:5   | Noticed an azure jelly
 19302 | Lair:5   | Found a runed translucent door.
 19302 | Lair:5   | Found a viscous altar of Jiyva.
 19302 | Lair:5   | Found a staircase to the Slime Pits.
 19978 | Lair:5   | Received a gift from Trog
 20317 | Lair:5   | Reached skill level 10 in Armour
 20446 | Lair:5   | Reached XP level 15. HP: 106/131 MP: 15/15
 20843 | Lair:5   | Reached skill level 10 in Evocations
 21043 | Lair:5   | Identified the +3 war axe of Rotation {speed, Str+3}
 21920 | Orc:2    | Entered Level 2 of the Orcish Mines
 21940 | Orc:2    | Noticed Donald
 21952 | Orc:2    | Killed Donald
 22034 | Orc:2    | Reached skill level 23 in Axes
 22035 | Orc:2    | Received a gift from Trog
 22236 | Orc:2    | Noticed Burzz's ghost (journeyman MiFi)
 22248 | Orc:2    | Found a transporter.
 22248 | Orc:2    | Found a staircase to the Elven Halls.
 22329 | Orc:2    | Found a transporter.
 22418 | Orc:2    | Noticed an orc warlord
 22482 | Orc:2    | Killed an orc warlord
 22510 | Orc:2    | Reached ****** piety under Trog
 22952 | Orc:2    | Found Pippauve's Jewellery Boutique.
 22952 | Orc:2    | Found Foco's Antique Armour Emporium.
 22954 | Orc:2    | Found Zyoskepe's Weapon Shoppe.
 22956 | Orc:2    | Found Xysut's Magic Scroll Shop.
 22968 | Orc:2    | Bought a scroll of teleportation for 48 gold pieces
 22968 | Orc:2    | Bought a scroll of identify for 32 gold pieces
 22968 | Orc:2    | Bought a scroll of identify for 32 gold pieces
 22968 | Orc:2    | Bought a scroll of revelation for 120 gold pieces
 22968 | Orc:2    | Bought a scroll of identify for 32 gold pieces
 22968 | Orc:2    | Bought a scroll of revelation for 120 gold pieces
 23165 | Orc:2    | Bought a +4 ring of slaying for 936 gold pieces
 23364 | Shoals:1 | Entered Level 1 of the Shoals
 23945 | Shoals:1 | Received a gift from Trog
 24681 | Shoals:1 | Reached XP level 16. HP: 131/139 MP: 16/16
 26239 | Shoals:3 | Found a transporter.
 26241 | Shoals:3 | Found a transporter.
 26242 | Shoals:3 | Noticed Cauthr Ravany's ghost (adept GrEE)
 26243 | Shoals:3 | Noticed a kraken
 26328 | Shoals:3 | Noticed a kraken
 26358 | Shoals:3 | Killed a kraken
 26451 | Shoals:4 | Entered Level 4 of the Shoals
 27485 | Shoals:4 | Reached skill level 24 in Axes
 27882 | Shoals:4 | Received a gift from Trog
 29670 | Shoals:4 | Got a barnacled rune of Zot
 30036 | Shoals:2 | Reached XP level 17. HP: 115/152 MP: 17/17
 30157 | Shoals:2 | Found a gateway to a bazaar.
 30172 | Bazaar   | Entered a bazaar
 30322 | Bazaar   | Found Heteycaf's Armour Shoppe.
 30322 | Bazaar   | Found Aceugh's Antique Armour Emporium.
 30343 | Bazaar   | Found Xeppiuku's Jewellery Shoppe.
 30343 | Bazaar   | Found Jiasumn's Assorted Antiques.
 30354 | Bazaar   | Bought a scroll of fog for 76 gold pieces
 30354 | Bazaar   | Bought a potion of curing for 57 gold pieces
 30364 | Bazaar   | Found Hiuqokykh's Distillery.
 30369 | Bazaar   | Bought a potion of heal wounds for 55 gold pieces
 30369 | Bazaar   | Bought 2 potions of heal wounds for 110 gold pieces
 30369 | Bazaar   | Bought a potion of curing for 33 gold pieces
 30369 | Bazaar   | Bought a potion of haste for 110 gold pieces
 30369 | Bazaar   | Bought a potion of mutation for 88 gold pieces
 30647 | Shoals:2 | Received a gift from Trog
 30868 | Snake:1  | Entered Level 1 of the Snake Pit
 30950 | Snake:1  | You fall into a shaft and drop 1 floor!
 30950 | Snake:2  | Found Qesown's Book Shop.
 31177 | Snake:2  | Found Tiol's Magic Scroll Boutique.
 31185 | Snake:2  | Bought a scroll of enchant weapon for 127 gold pieces
 31185 | Snake:2  | Bought a scroll of enchant armour for 127 gold pieces
 31185 | Snake:2  | Bought a scroll of enchant armour for 127 gold pieces
 31194 | Snake:2  | Found Jiucopni's Assorted Antiques.
 31201 | Snake:2  | Found Qiudozoh's Assorted Antiques.
 31203 | Snake:2  | Bought a scroll of teleportation for 81 gold pieces
 31209 | Snake:2  | Bought a scroll of fear for 140 gold pieces
 31209 | Snake:2  | Bought a fizzy purple potion for 31 gold pieces
 31231 | Snake:2  | Found Pink's Distillery.
 31315 | Snake:2  | Bought a potion of curing for 39 gold pieces
 32197 | Snake:1  | Reached skill level 25 in Axes
 32487 | Snake:1  | Reached skill level 15 in Fighting
 33197 | Snake:1  | Found Plog's Distillery.
 33214 | Snake:1  | Found Leppuc's Jewellery Shop.
 33214 | Snake:1  | Found Kenleo Nystre's Jewellery Boutique.
 33219 | Snake:1  | Bought a potion of heal wounds for 70 gold pieces
 33219 | Snake:1  | Found Codylepn's Antique Weapon Boutique.
 33282 | Snake:1  | Found an opulent altar of Gozag.
 33637 | Snake:3  | Received a gift from Trog
 33693 | Snake:3  | Identified the serpent talisman of Geokh {Int-4 Slay+3 SInv
                  | Stlth+}
 33693 | Snake:3  | Noticed Aizul
 33705 | Snake:3  | Killed Aizul
 34017 | Snake:3  | HP: 7/156 [shock serpent/bolt of electricity (7)]
 35254 | Snake:3  | Found a runed translucent door.
 35255 | Snake:3  | Noticed Seits's ghost (adept MiFi)
 35304 | Snake:3  | Killed Seits's ghost
 35539 | Snake:3  | Found Qarevud's General Store.
 35547 | Snake:3  | Bought a scroll of teleportation for 36 gold pieces
 35547 | Snake:3  | Bought a scroll of blinking for 90 gold pieces
 35547 | Snake:3  | Found Dokefoso's Distillery.
 35759 | Snake:4  | Entered Level 4 of the Snake Pit
 35879 | Snake:4  | Identified the +6 battleaxe of the Final Decision
                  | {antimagic, rF+ Will+ rCorr Stlth+} (Trog gifted it to you
                  | on level 4 of the Snake Pit)
 35879 | Snake:4  | Received a gift from Trog
 35945 | Snake:4  | Reached skill level 26 in Axes
 36246 | Snake:4  | Reached XP level 18. HP: 113/168 MP: 6/18
 36434 | Snake:4  | Noticed a quicksilver dragon
 36443 | Snake:4  | HP: 4/168 [naga sharpshooter/arrow (7)]
 36445 | Snake:4  | Shot with an arrow by a naga sharpshooter

Illustrated notes

Levels and vault maps discovered:
D:1:      dpeg_arrival_refuge, layout_basic, serial_bayou_lagoon_a,
          minmay_tree_intersection, nicolae_hexahallways,
          minmay_misc_feat_enclosed
D:2:      layout_rooms, serial_glass, glass_columns_b, glass_columns_a,
          glass_columns_a, glass_columns_c, feat_on_display,
          minmay_misc_feat_secret_circle, minmay_fractal_squares_5
D:3:      cheibrodos_helix_gallery, layout_basic, ebering_ecumenical_altar_webs,
          serial_bayou_lake_a
D:4:      layout_loops_ring, gup_sewer_entry_glass, minmay_rat_hole, uniq_ijyb
D:5:      layout_loops_ring, nicolae_overflow_hidden_temple, temple_statues
D:6:      layout_cave_pools, biasface_ghost_orc_armoury
D:7:      layout_cave_pools, serial_bayou_pond_b, uniq_maggie, uniq_menkaure
D:8:      nzn_winding_woodlands_three_and_one
          [nzn_winding_woodlands_5x15_longhouse,
          nzn_winding_woodlands_5x15_concentric,
          nzn_winding_woodlands_5x15_sidewinder,
          nzn_winding_woodlands_center_pierced_h], layout_rooms,
          nicolae_shop_national_dungeon_mall, uniq_maurice
D:9:      layout_long_grid, orc_0_dummy, serial_shops, nicolae_shop_scrapyard,
          minmay_the_grid_2x2 [minmay_the_grid_rooms, minmay_the_grid_plusring,
          minmay_the_grid_pillar_ring,
          minmay_the_grid_prize_four_corners_diamond_a]
D:10:     layout_irregular_city, lair_entry_dummy, enter_trove_1
D:11:     layout_stronghold
D:12:     layout_rooms, serial_shops, nicolae_shop_real_fake_doors,
          nicolae_shop_tiny_real_fake_doors, dreamdust_mushroom_princess
D:13:     layout_basic, hangedman_vaults_entry_quadrant_bands
Lair:1:   layout_small_grid
Lair:2:   layout_small_grid, nicolae_shoals_entry_roost,
          gammafunk_ghost_cemetery, infiniplex_staircase_pool
Lair:3:   layout_small_grid, guppyfry_snake_entry_garden, st_stairs_11,
          chequers_serial_rivers_micro_a, hangedman_tree_tricks
Lair:4:   layout_cave_pods, gauntlet_entry_generic, grunt_forest_large_clearings
Lair:5:   evilmike_catoblepas_cave, layout_cave_pods, slime_entry_2,
          grunt_forest_large_clearing_hut, lemuel_fruit_tree
Shoals:1: layout_shoals, dpeg_stationary_puzzle
Shoals:2: layout_shoals, serial_shops, statue_bzr
Shoals:3: layout_shoals, ebering_ghost_davey_jones
Shoals:4: shoals_end_grunt_garden, layout_shoals
Snake:1:  layout_misc_corridors, basic_altar, minmay_shoptagon,
          grunt_megastairs_4
Snake:2:  layout_grid_shapes, serial_shops, nicolae_square_shop, shop, shop,
          nicolae_shop_statue_plus, shop, nicolae_triple_integral
Snake:3:  layout_rooms, gammafunk_ghost_grave, minmay_shop_star, uniq_aizul
Snake:4:  hellmonk_snake_rune_quicksilver_temple, layout_rooms,
          nicolae_snake_gridmaze_squiggle, drop_trap
Orc:1:    layout_caves, serial_shops, nicolae_shop_pleasant_corner_grove,
          enter_volcano_3, nicolae_orc_crystal_seam
Orc:2:    st_orc_rangers, layout_caves, gammafunk_ghost_stat_death, uniq_donald

Skill      XL: |  1  2  3  4  5  6  7  8  9 10 11 12 13 14 15 16 17 |
---------------+----------------------------------------------------+-----
Axes           | 5 6 7 8 10 11 13 14 18 20 21 22 23 24 26 | 26.2
Fighting       | 4 6 8 10 11 12 14 16 | 16.9
Evocations     | 1 3 5 6 7 9 11 | 11.1
Throwing       | 1 3 5 6 |  6.0
Dodging        | 4 5 7 9 |  9.1
Armour         | 5 7 10 11 13 14 | 14.0

Action                     |  1- 3 |  4- 6 |  7- 9 | 10-12 | 13-15 | 16-18 || total
---------------------------+-------+-------+-------+-------+-------+-------++-------
  Melee: Hand axe          |   160 |   309 |   208 |       |       |       ||   677
         Punch             |       |     1 |     5 |     2 |       |       ||     8
         Broad axe         |       |       |    68 |   120 |       |       ||   188
         Executioner's axe |       |       |       |   316 |   788 |   736 ||  1840
         Whip              |       |       |       |       |     7 |       ||     7
  Throw: Dart              |       |       |    18 |    12 |     7 |     1 ||    38
         Boomerang         |       |       |       |       |    28 |    91 ||   119
 Invoke: Berserk           |       |     2 |     8 |     7 |     6 |     5 ||    28
         Brothers in Arms  |       |       |       |     3 |     1 |     1 ||     5
  Evoke: Wand              |       |       |     5 |    14 |    14 |    19 ||    52
         Condenser vane    |       |       |       |       |     4 |     3 ||     7
    Use: Scroll            |       |       |       |    11 |    12 |    23 ||    46
         Potion            |       |       |       |     3 |     3 |     5 ||    11
   Stab: Petrified         |       |       |       |       |     5 |       ||     5
 Armour: Animal skin       |    12 |       |       |       |       |       ||    12
         Scale mail        |    73 |   128 |   146 |   312 |   485 |       ||  1144
         Plate armour      |       |       |       |       |   112 |   813 ||   925
  Dodge: Dodged            |    92 |   159 |   225 |   328 |   621 |   409 ||  1834
